Map: Dusk Towers

Players

LilDicky - Winner!

  • Race: Terran Terran
  • League: Diamond

SouthPaW

  • Race: Terran Terran
  • League: Diamond

VOD

http://www.twitch.tv/tumescentpie

Description

Time

  • Played on: Jan. 2, 2016, 11:51 a.m.
  • Length: 5:16
Show
View Real Time Build Order
Export as new Build Order

LilDicky Terran - Winner!

Build Orders: Liberator Opening 

Get SALT Encoding   

  12  0:01  SCV  
  13  0:13  SCV  
  14  0:18  Supply Depot  
  14  0:25  SCV  
  15  0:32  Refinery  
  15  0:39  SCV  
  16  0:46  Barracks  
  16  0:51  SCV  
  17  1:03  SCV  
  18  1:16  SCV  
  19  1:28  SCV  
  19  1:32  Marine  
  20  1:34  Supply Depot  
  20  1:38  Refinery  
  21  1:44  Orbital Command  
  21  1:52  Factory, Marine  
  22  2:09  Marine  
  22  2:10  SCV  
  24  2:22  SCV  
  25  2:25  Supply Depot  
  25  2:27  Marine  
  26  2:34  SCV  
  27  2:37  Factory Tech Lab  
  27  2:38  Starport  
  27  2:45  Marine  
  27  2:46  SCV  
  29  2:57  Siege Tank, Liberator  
  32  3:00  SCV  
  32  3:02  Supply Depot  
  32  3:03  Marine  
  34  3:12  SCV  
  38  3:20  Engineering Bay  
  38  3:22  Marine  
  38  3:24  SCV  
  38  3:26  Supply Depot  
  40  3:33  Siege Tank  
  43  3:36  SCV  
  44  3:45  Supply Depot  
  44  3:48  SCV  
  44  3:51  Missile Turret  
  45  4:01  SCV  
  46  4:04  Viking  
  46  4:05  Siege Tank  
  51  4:10  Supply Depot  
  51  4:13  SCV  
  52  4:20  Marine  
  53  4:25  SCV  
  54  4:37  SCV, Siege Tank  
  58  5:00  Missile Turret  
  58  5:01  SCV  
  58  5:02  Missile Turret  
Show
View Real Time Build Order
Export as new Build Order

SouthPaW Terran 

Build Orders:  

Get SALT Encoding   

  12  0:00  SCV  
  13  0:12  SCV  
  14  0:18  Supply Depot  
  14  0:25  SCV  
  15  0:40  SCV  
  16  0:44  Barracks  
  16  0:52  SCV  
  18  1:04  SCV  
  18  1:08  Supply Depot  
  18  1:16  SCV  
  19  1:30  Orbital Command  
  19  1:31  Marine  
  20  1:40  Command Center  
  20  1:47  Barracks  
  20  1:49  Marine  
  21  1:56  SCV  
  21  1:59  Refinery  
  22  2:02  Refinery  
  22  2:08  SCV  
  22  2:09  Marine  
  24  2:18  Supply Depot  
  24  2:21  SCV  
  25  2:28  Marine  
  26  2:33  SCV  
  26  2:35  Barracks  
  27  2:37  Marine  
  28  2:45  SCV  
  28  2:47  Barracks Reactor  
  29  2:51  Orbital Command  
  29  2:55  Barracks Tech Lab  
  29  2:58  SCV  
  30  3:00  Supply Depot  
  30  3:09  Engineering Bay  
  30  3:10  SCV  
  31  3:15  Combat Shields  
  31  3:17  SCV  
  32  3:26  Barracks Reactor, Marine  
  32  3:27  Marine x2  
  33  3:32  Supply Depot  
  33  3:34  SCV  
  36  3:36  SCV  
  36  3:40  Supply Depot  
  37  3:44  Marine x2  
  37  3:47  SCV  
  40  3:50  Marine  
  40  3:55  Factory  
  41  4:00  SCV  
  41  4:02  SCV, Refinery  
  43  4:03  Marine  
  43  4:06  Marine  
  43  4:08  Marine  
  46  4:13  SCV  
  46  4:15  Missile Turret  
  47  4:18  SCV  
  48  4:26  Missile Turret  
  48  4:28  Missile Turret  
  48  4:30  SCV x2  
  50  4:34  Marine  
  51  4:42  SCV  
  51  4:43  Starport  
  51  4:44  Factory Reactor  
  52  4:47  SCV  
  53  4:54  SCV  
  53  4:59  SCV  
Tags
 
Add a new tag
Caveats
  • Supply blocks, unpowered buildings, or Contaminate may cause inaccurate times.
  • Supply counts are checked every 10 seconds.